 Dungeon Crawl Stone Soup version 0.21-a0-110-g8e1637b (webtiles) character file.

119 sagitran the Skirmisher (level 4, -1/37 HPs)
             Began as a Demonspawn Abyssal Knight on July 10, 2017.
             Was a Believer of Lugonu.
             Slain by a worm (8 damage)
             ... on level 2 of the Dungeon.
             The game lasted 00:07:00 (1569 turns).

sagitran the Skirmisher (Demonspawn Abyssal Knight) Turns: 1569, Time: 00:07:00

Health: -1/37      AC:  3    Str: 13    XL:     4   Next: 74%
Magic:  6/6        EV: 11    Int: 14    God:    Lugonu [**....]
Gold:   121        SH:  0    Dex: 12    Spells: 3/3 levels left

rFire    + . .     SeeInvis .   a - +1 falchion
rCold    . . .     Gourm    .   (no shield)
rNeg     . . .     Faith    .   b - +0 leather armour
rPois    .         Spirit   .   (helmet restricted)
rElec    .         Reflect  .   (no cloak)
rCorr    .         Harm     .   (no gloves)
MR       .....                  (no boots)
Stlth    +.........             (no amulet)
HPRegen  0.12/turn              p - ring of protection from fire
MPRegen  0.10/turn              (no ring)

@: no status effects
A: horns 1
a: Depart the Abyss, Bend Space, Renounce Religion


You were on level 2 of the Dungeon.
You worshipped Lugonu.
Lugonu was pleased with you.
You were not hungry.

You visited 1 branch of the dungeon, and saw 3 of its levels.
You visited the Abyss 1 time.

You collected 121 gold pieces.

Inventory:

Hand Weapons
 a - a +1 falchion (weapon)
Missiles
 m - 30 stones (quivered)
Armour
 b - a +0 leather armour (worn)
Jewellery
 p - a ring of protection from fire (left hand)
Scrolls
 e - 4 scrolls of remove curse {unknown}
 i - a scroll of blinking {unknown}
 l - a scroll of enchant armour {unknown}
 o - a scroll of identify {unknown}
Potions
 d - a potion of curing
 g - 2 potions of heal wounds {unknown}
 h - 2 potions of lignification {unknown}
 j - a potion of cancellation {unknown}
Comestibles
 c - a bread ration
 f - a meat ration
 n - a royal jelly


   Skills:
 + Level 4.2 Fighting
 + Level 2.7 Long Blades
 + Level 2.2 Armour
 + Level 1.5 Dodging
 + Level 0.2 Stealth
 + Level 3.0 Invocations


You had 3 spell levels left.
You didn't know any spells.

Dungeon Overview and Level Annotations

Branches:
Dungeon (3/15)

Altars:
Makhleb


Innate Abilities, Weirdness & Mutations

You have a pair of small horns on your head.


Message History

Found a bread ration.
You hit the hobgoblin. You headbutt the hobgoblin.
You kill the hobgoblin!
Lugonu accepts your kill.
You eat one of the 2 bread rations.
That bread ration really hit the spot!
The worm closely misses you.
It was a potion of curing.
You feel better.
You hit the worm.
The worm is lightly wounded.
The worm bites you!
You hit the worm.
The worm is lightly wounded.
You barely miss the worm. You headbutt the worm.
The worm is heavily wounded.
The worm bites you!
* * * LOW HITPOINT WARNING * * *
You slash the worm!
The worm is almost dead.
The worm bites you!
You die...

.# + ..# #.# ##
###.# #. .##.# #.#
#. .... ...%##.#
#.# #. ####
##.#.##.######.# #.
...............# #.
#...##.######## ##
#...##.# # #...##.#
# #.@..#.# #
#.w..#.# # #.)....#
# ###### #...#..# #
.....## #...#..# #
...†..#
######(()#.(#
####..#
#....(...##(######
# #..#
#..(...(((.w...(...
# #..#
###########[.######


You could see a worm.

Vanquished Creatures
  A hound (D:2)
  2 adders (D:2)
  2 oozes
  A worm (D:2)
  4 leopard geckos
  9 bats
  A giant cockroach (D:1)
  2 goblins
  3 hobgoblins
  12 jackals
  2 ball pythons (D:1)
  3 frilled lizards
  5 kobolds
  6 rats
53 creatures vanquished.

Vanquished Creatures (others)
  A bat (D:1)
  A goblin (D:1)
  A jackal (D:1)
3 creatures vanquished.

Grand Total: 56 creatures vanquished

Notes
Turn   | Place    | Note
-------+----------+-------------------------------------------
     0 | Abyss:1  | sagitran the Demonspawn Abyssal Knight began the quest for the Orb.
     0 | Abyss:1  | Reached XP level 1. HP: 18/18 MP: 2/2
     7 | Abyss:1  | Found a corrupted altar of Lugonu.
    57 | Abyss:1  | Noticed an iron imp
    63 | D:1      | Escaped the Abyss
   300 | D:1      | Gained mutation: You have a pair of small horns on your head. [demonic ancestry]
   300 | D:1      | Reached XP level 2. HP: 17/24 MP: 3/3
   481 | D:2      | Reached * piety under Lugonu
   661 | D:2      | Reached skill level 1 in Dodging
   661 | D:2      | Reached XP level 3. HP: 23/30 MP: 5/5
   694 | D:2      | Reached skill level 4 in Fighting
   694 | D:2      | Reached XP level 4. HP: 27/37 MP: 6/6
   797 | D:2      | Found a burning altar of Makhleb.
  1235 | D:1      | Reached ** piety under Lugonu
  1569 | D:2      | Slain by a worm

Vault maps used:
D:1:      shiori_arrival_oz
D:2:      makhleb_blood_cavern_becter
Abyss:1:  evilmike_abyss_exit_15

Skill      XL: |  1  2  3  4 |
---------------+-------------+-----
Long Blades    | 2 |  2.7
Dodging        | 1 |  1.5
Fighting       | 4 |  4.2
Armour         | 2 |  2.2
Invocations    | 3 |  3.0
Stealth        | |  0.2

Action                   |  1- 3 |  4- 6 || total
-------------------------+-------+-------++-------
Melee: Falchion          |    50 |    68 ||   118
       Headbutt          |     9 |    10 ||    19
Throw: Javelin           |       |     5 ||     5
       Stone             |       |     1 ||     1
Invok: Depart the Abyss  |     1 |       ||     1
  Use: Potion            |       |     1 ||     1
 Stab: Sleeping          |       |     1 ||     1
  Eat: Bread ration      |       |     1 ||     1
Armor: Leather armour    |     6 |    28 ||    34
Dodge: Dodged            |    40 |    61 ||   101
       Rpst.: Falchion   |    16 |    14 ||    30
